 Dungeon Crawl Stone Soup version 0.26.1-11-gd32895ea62 (webtiles) character file.

Game seed: 10403112799510098468

1333 buriedalive the Frost Mage (level 8, -5/41 HPs)
             Began as a Gargoyle Ice Elementalist on July 12, 2021.
             Was an Initiate of Ashenzari.
             Slain by an orc warrior
             ... wielding a +0 glaive
              (23 damage)
             ... on level 5 of the Dungeon.
             The game lasted 00:11:03 (6384 turns).

buriedalive the Frost Mage (GrIE)                   Turns: 6384, Time: 00:11:03

Health: -5/41      AC:  9    Str: 12    XL:     8   Next: 61%
Magic:  9/11       EV: 22    Int: 18    God:    Ashenzari [......]
Gold:   226        SH:  0    Dex: 10    Spells: 4/11 levels left

rFire    + + .     SeeInvis .   (weapon currently unavailable)
rCold    + + .     Faith    .   (shield currently unavailable)
rNeg     + + +     Spirit   .   (armour currently unavailable)
rPois    ∞         Reflect  .   (helmet currently unavailable)
rElec    +         Harm     .   (cloak currently unavailable)
rCorr    +         Rampage  .   (gloves currently unavailable)
Will     .....                  (boots currently unavailable)
Stlth    +.........             (amulet currently unavailable)
HPRegen  0.13/turn              (ring currently unavailable)
MPRegen  0.12/turn              (ring currently unavailable)

@: confused, wisp-form, flying, quick
A: tiny, negative energy resistance 1, petrification resistance, miasma
immunity, AC +5
a: Stop Flying, Renounce Religion, Curse Item


You were on level 5 of the Dungeon.
You worshipped Ashenzari.
Ashenzari was noncommittal.
You were an insubstantial wisp.
You visited 2 branches of the dungeon, and saw 6 of its levels.

You collected 226 gold pieces.

Inventory:

Hand Weapons
 x - a +5 dagger of venom (melded)
Missiles
 c - 214 stones
 p - 6 poisoned darts
Armour
 a - a +0 robe (melded)
 b - a +2 cloak (melded)
 w - the cursed +1 ring mail "Loatyrr" {Regen+ Dex+2 Stlth+}
   (You found it on level 5 of the Dungeon)

   It affects your dexterity (+2).
   It increases your rate of regeneration.
   It makes you more stealthy.
   It has a curse placed upon it.
Jewellery
 l - a ring of ice (melded)
 o - a ring of positive energy (melded)
Wands
 d - a wand of disintegration (17)
 y - a wand of iceblast (9)
Scrolls
 f - a scroll of fear
 h - 6 scrolls of teleportation
 i - a scroll of magic mapping
Potions
 g - a potion of cancellation
 j - 2 potions of brilliance
 q - 2 potions of ambrosia
 s - a potion of resistance
 t - 2 potions of magic
 u - a potion of heal wounds
 v - a potion of berserk rage
 A - a potion of flight


   Skills:
 + Level 6.2 Dodging
 - Level 2.1 Stealth
 - Level 2.0 Spellcasting
 + Level 8.3 Ice Magic


You had 4 spell levels left.
You knew the following spells:

 Your Spells              Type           Power        Failure   Level
a - Freeze                Ice            100%         1%          1
b - Frozen Ramparts       Ice            62%          1%          3
c - Ozocubu's Armour      Ice            31%          1%          3

Your spell library contained the following spells:

 Spells                   Type           Power        Failure   Level
 Hailstorm                Conj/Ice       16%          32%         4
 Summon Ice Beast         Ice/Summ       16%          32%         4


Dungeon Overview and Level Annotations

Branches:
Dungeon (5/15)             Temple (1/1) D:5

Altars:
Ashenzari
Dithmenos
Elyvilon
Fedhas
Gozag
Hepliaklqana
Makhleb
Nemelex Xobeh
Okawaru
Qazlal
Ru
Sif Muna
Trog
Uskayaw
Vehumet
Wu Jian
Xom
Yredelemnul

Annotations:
D:5 Ijyb


Innate Abilities, Weirdness & Mutations

You are resistant to torment.
((Your stone body is resilient. (AC +5)))
You are immune to poison.
You resist negative energy. (rN+)
((You are resistant to electric shocks. (rElec)))
((You can survive without breathing.))
You are immune to petrification.
You are immune to miasma.


Message History

There are monsters nearby!
The wall freezes Ijyb.
The wall freezes the orc warrior!
The orc warrior hits you but does no damage.
The wall freezes the orc.
The wall freezes Ijyb!
Ijyb barely misses you.
The wall freezes the orc warrior.
The orc warrior hits you from afar with a +0 glaive!!
The wall freezes the orc.
You kill the orc!
The wall freezes Ijyb.
Ijyb misses you.
The wall freezes something.
You blink.
The frozen ramparts melt away as you move.
You hear some strange, mumbled words.
You are confused.
The orc warrior hits you from afar with a +0 glaive.
The orc warrior completely misses you.
You blink.
The orc warrior completely misses you. Ijyb hits you but does no damage.
The orc warrior hits you from afar with a +0 glaive!!
Ouch! That really hurt!
You die...

..... .......... #.
...##.#...#..#####. #.#
....<.#...#..#####. ...
..>................
#.##.###.#......#####.
#.................###.
#.......#.#..#.#.....
#.#.####.............
####.#.v.......####.#...
#.....g.[##.............
#......o.##..######.#...
#........##..# #.......
#........##..######.#...
#........##.............
#........##)#######.....
#.(..........<..†[......
#........##########....<


You could see an orc warrior and Ijyb.

Vanquished Creatures
  Grinder (D:3)
  Eustachio (D:5)
  Edmund (D:5)
  Menkaure (D:4)
  Blork the orc (D:5)
  A scorpion (D:5)
  A howler monkey (D:4)
  2 orc priests (D:4)
  A hound (D:5)
  A jelly (D:4)
  A centaur skeleton (D:4)
  2 iguanas (D:4)
  Terence (D:2)
  2 orc wizards (D:4)
  3 worker ants (D:4)
  4 gnolls
  7 adders
  2 ufetubi (D:5)
  2 oozes (D:2)
  2 worms (D:4)
  2 dart slugs
  5 leopard geckos
  15 orcs
  10 bats
  2 giant cockroaches
  11 goblins
  5 hobgoblins
  2 jackals (D:3)
  3 kobolds
  A quokka (D:4)
  5 frilled lizards
  A giant cockroach zombie (D:5)
  2 jackal skeletons (D:4)
  A leopard gecko skeleton (D:4)
  A quokka skeleton (D:4)
  4 rats
107 creatures vanquished.

Notes
Turn   | Place    | Note
-------+----------+-------------------------------------------
     0 | D:1      | buriedalive the Gargoyle Ice Elementalist began the quest
                  | for the Orb.
     0 | D:1      | Reached XP level 1. HP: 10/10 MP: 3/3
   408 | D:1      | Reached XP level 2. HP: 15/15 MP: 5/5
   659 | D:1      | Reached XP level 3. HP: 9/19 MP: 0/6
  1228 | D:2      | Noticed Terence
  1245 | D:2      | Killed Terence
  1246 | D:2      | Reached XP level 4. HP: 11/24 MP: 1/7
  1638 | D:2      | Reached skill level 5 in Ice Magic
  2189 | D:3      | Reached XP level 5. HP: 24/28 MP: 3/8
  2674 | D:3      | Noticed Grinder
  2687 | D:3      | Paralysed by Grinder for 2 turns
  2697 | D:3      | Paralysed by Grinder for 3 turns
  2698 | D:3      | Killed Grinder
  2699 | D:3      | Reached skill level 6 in Ice Magic
  2699 | D:3      | Reached XP level 6. HP: 17/32 MP: 9/9
  3898 | D:4      | Reached XP level 7. HP: 13/36 MP: 8/10
  4087 | D:4      | Learned a level 3 spell: Frozen Ramparts
  4091 | D:4      | Learned a level 3 spell: Ozocubu's Armour
  4135 | D:4      | Noticed Menkaure
  4146 | D:4      | Killed Menkaure
  4833 | D:4      | Reached skill level 5 in Dodging
  4833 | D:4      | Reached skill level 7 in Ice Magic
  5042 | D:4      | Found a stormy altar of Qazlal.
  5207 | D:4      | Reached XP level 8. HP: 41/41 MP: 8/11
  5420 | D:5      | Entered Level 5 of the Dungeon
  5463 | D:5      | Noticed Edmund
  5485 | D:5      | Killed Edmund
  5661 | D:5      | Got an ancient ring mail
  5705 | D:5      | Found a shimmering altar of Xom.
  5705 | D:5      | Noticed Eustachio
  5720 | D:5      | Killed Eustachio
  5721 | D:5      | Reached skill level 8 in Ice Magic
  5843 | D:5      | Noticed Blork the orc
  5859 | D:5      | Killed Blork the orc
  5916 | D:5      | Found a staircase to the Ecumenical Temple.
  5925 | Temple   | Entered the Ecumenical Temple
  6021 | Temple   | Became a worshipper of Ashenzari the Shackled
  6365 | D:5      | Noticed Ijyb
  6384 | D:5      | Slain by an orc warrior

Illustrated notes

Levels and vault maps discovered:
D:1:      psy_arrival_fountain, layout_loops_ring
D:2:      layout_basic, uniq_terence
D:3:      layout_loops_corners, uniq_grinder
D:4:      layout_loops_cross, lemuel_round_altar, eino_tiny_chamber,
          serial_bayou_pond_c, minmay_three_crescents, uniq_menkaure
D:5:      layout_basic, nicolae_overflow_crystal_walls,
          minmay_temple_entry_stoned_glass, uniq_blork_the_orc, uniq_eustachio,
          uniq_edmund, uniq_ijyb
Temple:   minmay_temple_bridge_d

Skill      XL: |  1  2  3  4  5  6  7  8 |
---------------+-------------------------+-----
Dodging        | 2 3 4 5 6 |  6.2
Ice Magic      | 5 6 7 8 |  8.3
Stealth        | |  2.1
Spellcasting   | |  2.0

Action                   |  1- 3 |  4- 6 |  7- 9 || total
-------------------------+-------+-------+-------++-------
Melee: Dagger            |    48 |   153 |    61 ||   262
       Unarmed           |     2 |       |       ||     2
 Cast: Freeze            |    30 |    26 |     9 ||    65
       Frozen Ramparts   |       |       |    14 ||    14
       Ozocubu's Armour  |       |       |     1 ||     1
  Use: Potion            |       |     1 |       ||     1
       Scroll            |       |    16 |     6 ||    22
 Stab: Sleeping          |     2 |     4 |     1 ||     7
Armor: Robe              |    24 |    59 |    28 ||   111
       Skin              |       |       |     2 ||     2
Dodge: Dodged            |    38 |   101 |    55 ||   194
